 Dungeon Crawl Stone Soup version 0.19-a0-1899-g2d93087 (webtiles) character file.

130 MrRokkomies the Skirmisher (level 5, -3/44 HPs)
             Began as a Human Wanderer on Oct 20, 2016.
             Slain by Crazy Yiuf
             ... wielding a +4 quarterstaff of chaos
              (11 damage)
             ... on level 3 of the Dungeon.
             The game lasted 00:04:59 (2628 turns).

MrRokkomies the Skirmisher (Human Wanderer)         Turns: 2628, Time: 00:04:59

Health: -3/44      AC:  0    Str: 13    XL:     5   Next: 36%
Magic:  1/5        EV: 17    Int: 13    God:
Gold:   100        SH:  0    Dex: 12    Spells: 0 memorised, 4 levels left

rFire  . . .     SeeInvis .     (weapon currently unavailable)
rCold  . . .     Gourm    .     (armour currently unavailable)
rNeg   . . .     Faith    .     (shield currently unavailable)
rPois  .         Spirit   .     (helmet currently unavailable)
rElec  .         Reflect  .     (cloak currently unavailable)
rCorr  .         Harm     .     (gloves currently unavailable)
MR     .....                    (boots currently unavailable)
Stlth  ++........               (amulet currently unavailable)
                                (ring currently unavailable)
                                (ring currently unavailable)

@: porcupine-form (expiring), quick
A: no striking features
a: no special abilities


You were on level 3 of the Dungeon.
You were hungry.
You were a spiny porcupine.
You visited 1 branch of the dungeon, and saw 3 of its levels.

You collected 100 gold pieces.

Inventory:

Hand Weapons
 a - a +0 halberd (melded)
Missiles
 g - a throwing net
 i - 93 stones (quivered)
Armour
 k - a +1 ring mail of fire resistance (melded)
Scrolls
 e - 3 scrolls of remove curse
Potions
 b - 3 potions of curing
 c - a potion of lignification
 l - a potion of berserk rage {unknown}
 m - a potion of agility
Comestibles
 d - a meat ration
 f - 3 bread rations
 h - a slice of pizza


   Skills:
 * Level 5.4 Fighting
 * Level 3.5 Polearms
 - Level 1.0 Armour
 - Level 2.0 Stealth
   Level 1.0 Shields


You had 4 spell levels left.
You didn't know any spells.

Dungeon Overview and Level Annotations

Branches:
Dungeon (3/15)

Altars:

Annotations:
D:3 Crazy Yiuf


Message History

Crazy Yiuf barely misses you.
You closely miss Crazy Yiuf.
Crazy Yiuf is moderately wounded.
You hit Crazy Yiuf but do no damage.
Crazy Yiuf is moderately wounded.
Your transformation is almost over.
Crazy Yiuf zaps a wand.
You hit Crazy Yiuf but do no damage.
Crazy Yiuf is moderately wounded.
Crazy Yiuf is struck by your spines.
Crazy Yiuf hits you with a quarterstaff of chaos.
You completely miss Crazy Yiuf.
Crazy Yiuf is heavily wounded.
Crazy Yiuf is struck by your spines.
Crazy Yiuf hits you with a quarterstaff of chaos!
* * * LOW HITPOINT WARNING * * *
You feel your power leaking away.
You feel better. Crazy Yiuf is struck by your spines.
Crazy Yiuf hits you with a quarterstaff of chaos!
You die...

.........
#.######
#.# #.#
#####
#.######.#
#)(.#
#.........
#.(.#
#>######.#
...
.........#
#g#
..#####..#


7r77 #.# 77.7 #.# 7.77 #.# 77.7 #.# 77.77 #.# 77.).7 #.####### 7....7 #........
##..## <........ #...)# You could see Crazy Yiuf.

Vanquished Creatures
  4 adders
  4 gnolls (D:3)
  A worm (D:2)
  2 dart slugs (D:2)
  A leopard gecko (D:1)
  4 bats
  6 hobgoblins
  5 kobolds
  A quokka (D:2)
  3 frilled lizards
  11 goblins
  7 rats
49 creatures vanquished.

Notes
Turn   | Place    | Note
-------+----------+-------------------------------------------
     0 | D:1      | MrRokkomies the Human Wanderer began the quest for the Orb.
     0 | D:1      | MrRokkomies set off with: a +2 spear, 2 potions of curing, a +0 robe, a +0 dagger, a bread ration
     0 | D:1      | Reached XP level 1. HP: 19/19 MP: 1/1
   165 | D:1      | Reached XP level 2. HP: 17/26 MP: 2/2
  1014 | D:1      | Reached XP level 3. HP: 31/31 MP: 3/3
  1533 | D:2      | Reached skill level 5 in Fighting
  1562 | D:2      | Reached XP level 4. HP: 27/39 MP: 4/4
  2238 | D:3      | Reached XP level 5. HP: 30/44 MP: 5/5
  2597 | D:3      | Found a runed door.
  2607 | D:3      | Noticed Crazy Yiuf
  2628 | D:3      | Slain by Crazy Yiuf

Vault maps used:
D:1:      co_arrival_square_in_a_square_in_a_square
D:2:      first_bread
D:3:      uniq_crazy_yiuf_cottage

Skill      XL: |  1  2  3  4 |
---------------+-------------+-----
Fighting       | 5 |  5.4
Polearms       | 3 |  3.5
Armour         | |  1.0
Stealth        | |  2.0
Shields        | |  1.0

Action                   |  1- 3 |  4- 6 || total
-------------------------+-------+-------++-------
Melee: Spear             |   117 |    76 ||   193
       Unarmed           |       |    12 ||    12
       Halberd           |       |     7 ||     7
Throw: Stone             |     1 |     4 ||     5
  Use: Scroll            |       |     5 ||     5
       Potion            |       |     4 ||     4
 Stab: Sleeping          |     1 |     3 ||     4
  Eat: Chunk             |     2 |     3 ||     5
Armor: Robe              |     1 |       ||     1
       Ring mail         |    20 |    20 ||    40
Dodge: Dodged            |    39 |    40 ||    79
